 Dungeon Crawl Stone Soup version 0.24-a0-249-g2af7e837d0 (webtiles) character file.

Game seed: 10369459023911115446

2 Esekla the Skirmisher (level 1, 11/18 HPs)
             Began as a Formicid Abyssal Knight on Apr 13, 2019.
             Was an Initiate of Lugonu.
             Got out of the dungeon alive.
             The game lasted 00:02:14 (179 turns).

Esekla the Skirmisher (Formicid Abyssal Knight)      Turns: 179, Time: 00:02:15

Health: 11/18      AC:  4    Str: 16    XL:     1   Next: 33%
Magic:  2/2        EV: 11    Int: 11    God:    Lugonu [......]
Gold:   31         SH:  0    Dex: 10    Spells: 0/0 levels left

rFire    . . .     SeeInvis +   h - +0 spear (curse)
rCold    . . .     Gourm    .   (no shield)
rNeg     . . .     Faith    .   b - +0 leather armour
rPois    .         Spirit   .   (helmet unavailable)
rElec    .         Reflect  .   (no cloak)
rCorr    .         Harm     .   e - +0 pair of gloves
MR       .....                  (no boots)
Stlth    +.........             (no amulet)
HPRegen  0.06/turn              (no ring)
MPRegen  0.08/turn              (no ring)

@: no status effects
A: permanent stasis, dig shafts and tunnels, four strong arms, antennae 3
a: Dig, Shaft Self, Renounce Religion


You escaped.
You worshipped Lugonu.
Lugonu was noncommittal.
You were not hungry.

You visited 1 branch of the dungeon, and saw 1 of its levels.
You visited the Abyss 1 time.

You collected 31 gold pieces.

Inventory:

Hand Weapons
 a - a +1 hand axe
 h - a cursed +0 spear (weapon)
Armour
 b - a +0 leather armour (worn)
 e - a +0 pair of gloves (worn)
Potions
 d - a potion of curing {unknown}
 f - a potion of degeneration {unknown}
 g - a potion of berserk rage {unknown}
Comestibles
 c - 2 rations


   Skills:
 + Level 3.2 Fighting
 + Level 2.0 Axes
 + Level 2.4 Armour
 + Level 0.8 Dodging
 + Level 2.1 Invocations


You couldn't memorise any spells.
You didn't know any spells.
Your spell library was empty.

Dungeon Overview and Level Annotations

Branches:
Dungeon (1/15)

Altars:


Innate Abilities, Weirdness & Mutations

You cannot be hasted, slowed, berserked, paralysed or teleported.
You can dig through walls and to a lower floor.
Your four strong arms can wield two-handed weapons with a shield.
You have a pair of large antennae on your head. (SInv)


Message History

You kill the frilled lizard!
Lugonu accepts your kill.
You closely miss the kobold. The kobold hits you.
You barely miss the kobold. The kobold hits you.
You completely miss the kobold. The kobold hits you.
You slash the kobold!
You kill the kobold!
Lugonu accepts your kill.
You see here a frilled lizard corpse.
Found a runed spear.
You see here a runed spear.
h - a runed spear Wield which item (- for none, * to show all)? (? for menu, Esc to quit)
It sticks to your hand!
h - a cursed +0 spear (weapon)
You aren't carrying any scrolls.
Okay, then.
There is a staircase leading out of the dungeon here.
Are you sure you want to leave the Dungeon?
This will make you lose the game!
You have escaped!

#.#.# .# .
###.#.###.##.#
...........
#####..#.....
#..##..##..#
#..##..##..#
###..##..###
###..##..########
#..##@.##........
#..##..##........
###).##..###########
#..##..##.†....(..
#..##..##..#########
#.. #..##..######
##. ##..........# #.
##########.# #. #.#


There were no monsters in sight!

Vanquished Creatures
  A kobold (D:1)
  A frilled lizard (D:1)
2 creatures vanquished.

Notes
Turn   | Place    | Note
-------+----------+-------------------------------------------
     0 | Abyss:1  | Esekla the Formicid Abyssal Knight began the quest for the
                  | Orb.
     0 | Abyss:1  | Reached XP level 1. HP: 18/18 MP: 2/2
    91 | Abyss:2  | Noticed a large abomination
   107 | Abyss:2  | Noticed a small abomination
   108 | Abyss:2  | Noticed a rakshasa
   109 | D:1      | Escaped the Abyss
   179 | D:$      | Got out of the dungeon alive.

Levels and vault maps discovered:
D:1:      lightli_iron_boxes, layout_loops_ring
Abyss:1
Abyss:2

Action                   || total
-------------------------++-------
Melee: Hand axe          ||    16
Invok: Depart the Abyss  ||     1
Armor: Leather armour    ||     4
Dodge: Dodged            ||     8

Table legend:
 A = Non-vault XP
 B = Vault XP
 C = Vault XP percentage of total XP
 D = Non-vault monster count
 E = Vault monster count
 F = Vault count percentage of total count
                 A         B        C        D         E       F
            +---------+---------+-------+---------+---------+-------
      Total |       3 |       0 |   0.0 |       2 |       0 |   0.0
            +---------+---------+-------+---------+---------+-------
        D:1 |       3 |       0 |   0.0 |       2 |       0 |   0.0
            +---------+---------+-------+---------+---------+-------
